AoeStats
← 牛欢喜

African Clearing

505255759Analyzed
4v4 RM · 24d ago on Sep 8, 2026· 39m 21s· 8 players
Game mode
Random Map
Map size
Large (8 player)
Population
200
Speed
Normal
Resources
Standard
Victory
Conquest
Starting age
Dark Age
Ending age
Imperial Age
RankedLock teamsTeams togetherTeam positionsShared explorationLock speedFull tech treeHidden civsTurbo modeCheats
Victory
Defeat
🇨🇳 Cumans · China
1579
+12
1547
+14
🇨🇳 Vietnamese · China
1545
+14
🇺🇸 Celts · United States
1432
+18
🇹🇷 Franks · Türkiye
1507
-15
🇹🇷 Jurchens · Türkiye
1501
-15
1486
-14
🇨🇭 Japanese · Switzerland
1484
-14
AVCI
12:12 Feudal Age
11:10 Loom
14:37 Double-Bit Axe
19:35 Castle Age
19:34 Forging
19:51 Scale Barding Armor
19:38 Light Cavalry
21:09 Bow Saw
22:26 Husbandry
25:27 Chain Barding Armor
26:33 Wheelbarrow
The_OFLi
5:22 Loom
14:57 Feudal Age
18:49 Castle Age
16:42 Fishing Lines
18:06 Scale Barding Armor
18:59 Bloodlines
19:39 Husbandry
26:58 Horse Collar
29:06 Forging
33:25 Chain Barding Armor
36:00 Wheelbarrow
35:54 Heavy Plow
39:00 Iron Casting
ChnebelSchnägg
9:05 Loom
13:55 Feudal Age
18:42 Castle Age
17:32 Double-Bit Axe
18:43 Fletching
22:41 Town Watch
32:24 Bodkin Arrow
37:40 Horse Collar
38:12 Bow Saw
39:25 Wheelbarrow
我放了个屁她顺风追了
2:59 Loom
11:53 Feudal Age
13:15 Fletching
29:04 Double-Bit Axe
33:25 Castle Age
32:01 Gold Mining
31:55 Horse Collar
32:08 Stone Mining
33:43 Wheelbarrow
32:53 Town Watch
37:05 Bodkin Arrow
Zilchland
5:53 Loom
9:01 Loom
12:58 Feudal Age
13:38 Double-Bit Axe
17:31 Scale Barding Armor
18:05 Forging
22:28 Castle Age
21:13 Fletching
22:32 Pikeman
27:40 Scale Mail Armor
29:38 Chain Mail Armor
31:41 Iron Casting
31:48 Bodkin Arrow
34:54 Arson
牛欢喜
13:33 Feudal Age
11:51 Loom
16:02 Double-Bit Axe
18:21 Castle Age
17:19 Fletching
19:26 Bodkin Arrow
19:32 Padded Archer Armor
20:19 Bloodlines
19:55 Horse Collar
26:41 Ballistics
32:10 Wheelbarrow
39:44 Imperial Age
37:58 Husbandry
38:04 Thumb Ring
种田人口才是基本盘
6:25 Loom
39:10 Feudal Age
咸酸菜
8:20 Loom
10:41 Feudal Age
11:48 Double-Bit Axe
12:48 Horse Collar
17:37 Wheelbarrow
23:09 Castle Age
21:51 Bloodlines
21:47 Scale Barding Armor
22:36 Forging
24:15 Chain Barding Armor
24:57 Iron Casting
28:33 Town Watch
28:20 Capped Ram
30:48 Light Cavalry
31:48 Gold Mining
38:40 Bow Saw
38:39 Heavy Plow
Connection lost

Rejoining the realm…

Still unreachable

The connection could not be restored.

Session expired

The server has moved on; the page needs a fresh start.